 Dungeon Crawl Stone Soup version 0.31-a0-963-ga325b2283a (webtiles) character file.

Game seed: 363571185759282240

43 Newt the Shooter (level 3, -7/24 HPs)
             Began as a Kobold Hunter on Oct 24, 2023.
             Killed from afar by Sigmund (10 damage)
             ... with a magic dart
             ... on level 2 of the Dungeon.
             The game lasted 00:01:27 (888 turns).

Newt the Shooter (Kobold Hunter)                     Turns: 888, Time: 00:01:27

Health: -7/24      AC:  4    Str:  8    XL:     3   Next: 82%
Magic:  3/3        EV: 14    Int: 10    God:
Gold:   55         SH:  0    Dex: 20    Spells: 2/2 levels left

rFire   . . .        a - +1 shortbow
rCold   . . .        (shield currently unavailable)
rNeg    . . .        c - +0 leather armour
rPois   .            f - +1 hat
rElec   .            (no cloak)
rCorr   .            (no gloves)
SInv    +            (no boots)
Will    .....        (no amulet)
Stlth   +++          i - ring of see invisible
HPRegen 0.24/turn    (no ring)
MPRegen 0.08/turn

%: no passive effects
@: no status effects
A: small, no large weapons, nightstalker 3, subdued magic 1
a: no special abilities


You were on level 2 of the Dungeon.
You visited 1 branch of the dungeon, and saw 2 of its levels.

You collected 55 gold pieces.

Inventory:

Hand Weapons
 a - a +1 shortbow (weapon)
Armour
 c - a +0 leather armour (worn)
 f - a +1 hat (worn)
Jewellery
 i - a ring of see invisible (left hand)
 k - a ring of fire
Scrolls
 b - a scroll of butterflies


   Skills:
 + Level 4.2 Fighting
 - Level 5.3 Ranged Weapons
 - Level 2.4 Dodging
 - Level 1.3 Stealth


You had 2 spell levels left.
You didn't know any spells.
Your spell library was empty.

Dungeon Overview and Level Annotations

Branches:
Dungeon (2/15)

Altars:

Annotations:
D:2 Sigmund


Innate Abilities, Weirdness & Mutations

You are small and have problems with some larger weapons.
You are completely attuned to the shadows.
Your spells are a little easier to cast, but a little less powerful.


Message History

Okay, then.
You are too confused!
You feel extremely strange.
Your connection to magic feels subdued.
Unknown command.
Sigmund attacks as he pursues you! Sigmund barely misses you.
You're too confused to move!
Sigmund closely misses you.
You feel less confused.
You are too injured to fight recklessly!
Fire: a) +1 shortbow
Press: ? - help, Q - select action Shift-Dir - straight line, f - Sigmund
Aim: Sigmund, wielding a +0 scythe and wearing a +0 robe (severely wounded, slightly transparent, 64% to hit)
You shoot an arrow. The arrow hits Sigmund.
Sigmund is almost dead.
Sigmund gestures at you while chanting.
You are confused.
Unknown command.
Sigmund misses you.
You bump into the rock wall.
You bump into the rock wall.
Sigmund gestures at you while chanting. The magic dart hits you.
* * * LOW HITPOINT WARNING * * *
You bump into the rock wall.
Sigmund hits you with a +0 scythe.
* * * LOW HITPOINT WARNING * * *
Unknown command.
You aren't carrying any potions.
You are too confused!
Unknown command.
You clumsily bash Sigmund but do no damage.
Sigmund is severely wounded.
Sigmund closely misses you.
You feel less confused. Sigmund closely misses you.
You shoot an arrow. The arrow barely misses Sigmund.
You shoot an arrow. The arrow barely misses Sigmund.
Sigmund points at you and mumbles some strange words.
The magic dart hits you!
You die...
Sigmund begins carving another notch in his scythe.

*,* *<#......,,,,* *,,*
*,********,#......,,,,* *,,*
*,,,,,,,,,,#.......,,,***,,*
*,,,,,*#####.......,,,*,,,,*
*,***,,............,,,*,*,,,
**,*****######.....†,,,*,****
*,,,,,,,,,.........#+#,#,,,,,
********#######.####.#.#*****
#.@.@.#.........,,,,,
#.##.######.##.#***** #..#.#
#..>..#,* ##.#.# #.#.#.#,*
#@#.###.#.#.#,*
#.#.......#.#,*
#.......#.#,*,******
##..........*,*,,,,,
#..@.....#.*,*,****


You could see Sigmund (invisible).

Vanquished Creatures
  A worm (D:2)
  2 dart slugs (D:1)
  3 endoplasms
  7 hobgoblins
  2 jackals (D:1)
  4 kobolds (D:1)
  A quokka (D:2)
  4 ball pythons
  A bat (D:1)
  A frilled lizard (D:1)
  6 goblins
  A rat (D:1)
33 creatures vanquished.

Notes
Turn   | Place    | Note
-------+----------+-------------------------------------------
     0 | D:1      | Newt the Kobold Hunter began the quest for the Orb.
     0 | D:1      | Reached XP level 1. HP: 12/12 MP: 1/1
    79 | D:1      | Reached XP level 2. HP: 18/18 MP: 2/2
   421 | D:1      | Reached XP level 3. HP: 23/23 MP: 3/3
   850 | D:2      | Noticed Sigmund
   873 | D:2      | Gained mutation: Your spells are a little easier to cast,
                  | but a little less powerful. [potion of mutation]
   884 | D:2      | HP: 1/24 [Sigmund/+0 scythe (2)]
   888 | D:2      | Killed from afar by Sigmund

Illustrated notes

Levels and vault maps discovered:
D:1:      matt_arrival_diagonals, layout_basic
D:2:      layout_basic, basic_altar, chequers_serial_rivers_micro_e,
          uniq_crazy_yiuf_cottage, uniq_sigmund, uniq_robin

Skill      XL: |  1  2  3 |
---------------+----------+-----
Fighting       | 3 4 |  4.2
Ranged Weapons | |  5.3
Dodging        | |  2.4
Stealth        | |  1.3

Action                     || total
---------------------------++-------
  Melee: Shortbow          ||     1
   Fire: Shortbow          ||    90
    Use: Scroll            ||     5
         Potion            ||     1
 Armour: Leather armour    ||    30
  Dodge: Dodged            ||    49

Table legend: (Time is in decaauts)
 A = Elapsed time spent in this place.
 B = Non-inter-level travel time spent in this place.
 C = Inter-level travel time spent in this place.
 D = Time resting spent in this place.
 E = Time spent auto-exploring this place.
 F = Levels seen in this place.
 G = Mean time per level.
                   A        B        C        D        E       F      G
               +--------+--------+--------+--------+--------+-----+--------+
         Total |    904 |    878 |     26 |      0 |    678 |   2 |  452.0 |
       Dungeon |    904 |    878 |     26 |      0 |    678 |   2 |  452.0 |
               +--------+--------+--------+--------+--------+-----+--------+

Top non-repeatable levels by time:
     D:1: 778 daAuts
     D:2: 125 daAuts
